 Dungeon Crawl Stone Soup version 0.29.1-13-g9f3cf754e1 (webtiles) character file.

Game seed: 10779726780420078034

6559 naix the Carver (level 10, -8/81 HPs)
             Began as a Minotaur Fighter on Jan 19, 2023.
             Was a Plaything of Xom.
             Mangled by a two-headed ogre
             ... wielding a +0 giant club
             ... summoned by Xom
              (12 damage)
             ... on level 9 of the Dungeon.
             The game lasted 01:48:03 (10351 turns).

naix the Carver (Minotaur Fighter)                 Turns: 10351, Time: 01:48:04

Health: -8/81      AC: 16    Str: 19    XL:     10   Next: 70%
Magic:  9/9        EV:  6    Int:  5    God:    Xom [.*....]
Gold:   587        SH:  6    Dex: 12    Spells: 9/9 levels left

rFire   . . .      SeeInvis .   F - +2 long sword (chaos)
rCold   . . .      Faith    +   c - +0 buckler
rNeg    . . .      Spirit   .   E - +3 plate armour
rPois   .          Reflect  .   (helmet unavailable)
rElec   .          Harm     .   M - +1 cloak {rCorr}
rCorr   +          Rampage  .   n - +0 pair of gloves
Will    .....                   (no boots)
Stlth   ..........              t - amulet of faith
HPRegen 0.23/turn               (no ring)
MPRegen 0.11/turn               (no ring)

@: about to teleport, studying Long Blades, unable to drink
A: horns 3, retaliatory headbutt, deformed body, frail 1, weak 2, inability to
drink after injury 1
a: Renounce Religion


You were on level 9 of the Dungeon.
You worshipped Xom.
You were a plaything of Xom.
You visited 2 branches of the dungeon, and saw 10 of its levels.
You also visited: Ossuary.

You collected 587 gold pieces.

Inventory:

Hand Weapons
 j - the +6 short sword "Raidwaaz" {speed, rF+ SInv}
   (You found it on level 2 of the Dungeon)

   Attacks with this weapon are significantly faster.
   rF:        It protects you from fire.
   SInv:      It lets you see invisible.
 C - the +5 war axe of Growth {freeze, rElec rC++}
   (You found it on level 7 of the Dungeon)

   It freezes those it strikes, dealing additional cold damage.
   It can also slow down cold-blooded creatures.
   rC:        It greatly protects you from cold.
   rElec:     It insulates you from electricity.
 D - a +1 great sword
 F - a +2 long sword of chaos (weapon)
 K - a +0 arbalest
Missiles
 q - 30 poisoned darts
 y - 3 throwing nets (quivered)
Armour
 c - a +0 buckler (worn)
 k - a +2 cloak
 n - a +0 pair of gloves (worn)
 E - a +3 plate armour (worn)
 M - a +1 cloak of preservation (worn)
Jewellery
 a - a ring of ice
 b - a ring of ice
 t - an amulet of faith (around neck)
Wands
 d - a wand of roots (2)
 z - a wand of flame (33)
Scrolls
 e - a scroll of identify
 f - a scroll of teleportation
 g - a scroll of amnesia {unknown}
 i - 2 scrolls of magic mapping {unknown}
 s - 2 scrolls of poison {unknown}
 v - a scroll of blinking {unknown}
 B - 3 scrolls of noise
 G - a scroll of enchant weapon {unknown}
 H - a scroll of immolation {unknown}
 I - a scroll of brand weapon {unknown}
 L - a scroll of acquirement {unknown}
Potions
 h - 3 potions of flight
 l - 4 potions of curing
 m - 2 potions of degeneration
 o - 2 potions of heal wounds
 p - 2 potions of mutation
 r - 2 potions of magic {unknown}
 u - 2 potions of attraction {unknown}
 w - a potion of ambrosia {unknown}
 x - a potion of invisibility {unknown}
 A - 2 potions of berserk rage {unknown}


   Skills:
 + Level 9.5 Fighting
 - Level 9.0(10.6) Short Blades
 * Level 9.7(11.5) Long Blades
 - Level 3.6 Axes
 + Level 9.5 Armour
 + Level 9.6 Shields


You had 9 spell levels left.
You didn't know any spells.
Your spell library contained the following spells:

 Spells                   Type           Power      Damage    Failure   Level
 Beastly Appendage        Tmut           0%         N/A       100%        1
 Blink                    Tloc           0%         N/A       100%        2
 Ensorcelled Hibernation  Hex/Ice        0%         N/A       100%        2
 Passwall                 Tmut/Erth      0%         N/A       100%        2
 Lesser Beckoning         Tloc           0%         N/A       100%        3
 Ozocubu's Armour         Ice            0%         N/A       100%        3
 Summon Ice Beast         Ice/Summ       0%         N/A       100%        4
 Manifold Assault         Tloc           0%         N/A       100%        5
 Metabolic Englaciation   Hex/Ice        0%         N/A       100%        5
 Summon Mana Viper        Hex/Summ       0%         N/A       100%        5
 Simulacrum               Ice/Necr       0%         N/A       100%        6
 Monstrous Menagerie      Summ           0%         N/A       100%        7
 Ozocubu's Refrigeration  Ice            0%         4d7       100%        7
 Storm Form               Tmut/Air       0%         N/A       100%        7


Dungeon Overview and Level Annotations

Branches:
Dungeon (9/15)             Temple (1/1) D:6             Orc (0/2) D:9
Ossuary (visited)
   Lair: D:8-11

Altars:
Ashenzari
Cheibriados
Gozag
Hepliaklqana
Nemelex Xobeh
Ru
Trog
Vehumet
Wu Jian
Xom
Yredelemnul

Shops:
D:4 =


Innate Abilities, Weirdness & Mutations

You have a pair of large horns on your head.
You reflexively headbutt those who attack you in melee.
Armour fits poorly on your strangely shaped body.
You are frail. (-10% HP)
You are very weak. (Str -4)
You occasionally lose the ability to drink potions when taking damage.


Message History

You closely miss the orc warrior.
The orc shouts! x2
The centaur is engulfed in mutagenic fog.
The centaur twists and deforms.
The troll is engulfed in mutagenic fog.
The troll bites you. The troll claws you. You block the troll's attack.
The orc is engulfed in mutagenic fog.
The orc twists and deforms.
As you read the scroll of teleportation, it crumbles to dust.
You feel strangely unstable.
The orc is engulfed in mutagenic fog.
The troll is engulfed in mutagenic fog.
The troll twists and deforms.
The troll bites you! The troll claws you but does no damage.
The troll closely misses you.
As you read the scroll of teleportation, it crumbles to dust.
You feel strangely stable. The two-headed ogre closely misses you.
You furiously retaliate!
You headbutt the two-headed ogre!
The two-headed ogre hits you with a +0 giant spiked club!!
The orc is engulfed in mutagenic fog.
The troll is engulfed in mutagenic fog.
The troll twists and deforms.
The troll bites you. You block the troll's attack.
The troll claws you but does no damage.
You closely miss the two-headed ogre. You headbutt the two-headed ogre!
The two-headed ogre is heavily wounded.
You slash the two-headed ogre!
The two-headed ogre is severely wounded.
The troll is engulfed in mutagenic fog.
The troll twists and deforms.
You block the troll's attack.
The troll claws you but does no damage. x2
The orc is engulfed in mutagenic fog.
The orc twists and deforms.
The two-headed ogre hits you with a +0 giant club!
You feel threatened and lose the ability to drink potions!
The two-headed ogre barely misses you.
As you read the scroll of teleportation, it crumbles to dust.
You feel strangely unstable.
The troll is engulfed in mutagenic fog.
The troll bites you!
* * * LOW HITPOINT WARNING * * *
The troll barely misses you. The troll closely misses you.
The orc is engulfed in mutagenic fog.
The orc twists and deforms.
You hit the two-headed ogre. You headbutt the two-headed ogre!
The two-headed ogre is almost dead.
The two-headed ogre hits you with a +0 giant club!
* * * LOW HITPOINT WARNING * * *
The two-headed ogre hits you with a +0 giant spiked club!
You die...

#.#.###.##Y####.#.>.......###
#.........[# #.#.......#....
##.###.#### #.#.......#....
#.##.####.#.#.#........
#.##......#.#.#........
#.##.######.#.#...#....
#.##.#ocY^#.#.#.#.#....
#.##.#T##.#.#.#.#.#....
#.##.#@##.#.#.#.#.#....
#.##.#O##Y#.#.#.#.#....
#.##.#o##.#.# #.#.#....
#######Y##.#o##.#.# #.#.#....
...........#......# #.#.#....
#######.#######.###.#.#.#....
#.....Y...[....<#.#.###
#########.#######.#....
#.........#####


You could see a two-headed ogre (summoned), a troll (summoned, misshapen), an
orc warrior (summoned), a centaur (summoned, misshapen) and 2 orcs.

Vanquished Creatures
  Maurice (D:8)
  Sigmund (D:3)
  A wraith (D:9)
  A vampire (D:9)
  A wyvern (D:9)
  6 yaks (D:9)
  Menkaure (D:7)
  A water moccasin (D:7)
  2 sky beasts (D:7)
  5 orc warriors
  An ice beast (D:7)
  A wolf (D:5)
  2 ogres (D:6)
  A kobold brigand (D:7)
  Blork the orc (D:4)
  2 elf zombies (Ossuary)
  3 bullfrogs
  A necrophage (D:6)
  4 scorpions
  A gnoll sergeant (D:7)
  7 wights (D:7)
  4 killer bees (D:8)
  6 howler monkeys
  A human zombie (Ossuary)
  3 jellies
  3 gnoll boudas
  5 orc priests
  2 hounds (D:5)
  An iguana (D:6)
  5 orc wizards
  A hound zombie (Ossuary)
  3 mummies (Ossuary)
  11 adders
  17 gnolls
  4 shadow imps
  2 white imps
  2 adder zombies (Ossuary)
  5 worms
  A dart slug (D:2)
  25 orcs
  13 ball pythons
  An endoplasm (D:3)
  5 giant cockroaches
  3 gnoll zombies (Ossuary)
  3 goblins
  4 hobgoblins
  2 jackals (D:3)
  6 quokkas
  4 bats
  5 frilled lizards
  3 goblin zombies (Ossuary)
  A hobgoblin zombie (Ossuary)
  4 jackal zombies (Ossuary)
  15 kobolds
  A kobold zombie (Ossuary)
  9 quokka zombies (Ossuary)
  4 rats
  7 rat zombies (Ossuary)
235 creatures vanquished.

Vanquished Creatures (collateral kills)
  Prince Ribbit (D:9)
  A shadow (D:7)
  Eustachio (D:5)
  A wraith (D:7)
  A gnoll sergeant (D:9)
  A necrophage (D:5)
  4 gnolls
  5 orcs
15 creatures vanquished.

Vanquished Creatures (others)
  An elf zombie (Ossuary)
  An orc zombie (Ossuary)
  2 fungi (D:9)
4 creatures vanquished.

Grand Total: 254 creatures vanquished

Notes
Turn   | Place    | Note
-------+----------+-------------------------------------------
     0 | D:1      | naix the Minotaur Fighter began the quest for the Orb.
     0 | D:1      | Reached XP level 1. HP: 19/19 MP: 0/0
   427 | D:1      | Reached XP level 2. HP: 27/27 MP: 1/1
   941 | D:2      | Reached XP level 3. HP: 26/33 MP: 2/2
  1061 | D:2      | Found a shimmering altar of Xom.
  1068 | D:2      | Became a worshipper of Xom of Fickle Intent
  1122 | D:2      | XOM: potion effect (might)
  1355 | D:2      | Identified the +6 short sword "Raidwaaz" {speed, rF+ SInv}
  1701 | D:3      | XOM: silly message
  1726 | D:3      | Noticed Sigmund
  1732 | D:3      | Killed Sigmund
  1733 | D:3      | Reached XP level 4. HP: 31/41 MP: 3/3
  1733 | D:3      | Reached XP level 5. HP: 35/47 MP: 4/4
  1957 | D:3      | Found a faded altar of an unknown god.
  2359 | D:3      | XOM is BORED!
  2359 | D:3      | XOM: noise
  2542 | D:4      | Found a snail-covered altar of Cheibriados.
  2542 | D:4      | Found a hazy altar of Hepliaklqana.
  2542 | D:4      | Found a basalt altar of Yredelemnul.
  2542 | D:4      | Found a broken altar of Ashenzari.
  2633 | D:4      | Noticed Blork the orc
  2642 | D:4      | Killed Blork the orc
  2643 | D:4      | Reached skill level 5 in Fighting
  2643 | D:4      | Reached skill level 5 in Armour
  2643 | D:4      | Reached skill level 5 in Shields
  2643 | D:4      | Reached XP level 6. HP: 33/56 MP: 5/5
  2645 | D:4      | XOM: enchant monster (good)
  2683 | D:4      | XOM: 1-stop teleportation journey
  2693 | D:4      | Found Seofymorch's Jewellery Shop.
  2825 | D:4      | Found a radiant altar of Vehumet.
  2910 | D:4      | XOM is BORED!
  3166 | D:5      | Entered Level 5 of the Dungeon
  3170 | D:5      | XOM: noise
  3192 | D:5      | XOM: polymorph jelly -> wolf
  3197 | D:5      | XOM: enchant monster (bad)
  3204 | D:5      | Reached XP level 7. HP: 40/61 MP: 6/6
  3572 | D:5      | XOM: enchant monster (bad)
  3662 | D:5      | XOM: 3-stop teleportation journey
  3856 | D:5      | Noticed Eustachio
  3860 | D:5      | XOM: 1-stop teleportation journey
  3889 | D:5      | Reached skill level 5 in Short Blades
  3967 | D:5      | XOM: 1-stop teleportation journey
  3985 | D:5      | XOM: summons friendly ufetubus
  3996 | D:5      | Killed Eustachio
  4063 | D:5      | XOM: confusion
  4066 | D:5      | XOM: noise
  4067 | D:5      | XOM: stat loss: -1 Str (19/20)
  4074 | D:5      | Reached XP level 8. HP: 70/70 MP: 7/7
  4206 | D:6      | XOM: noise
  4209 | D:6      | XOM: give mutations
  4209 | D:6      | Gained mutation: You are frail. (-10% HP) [Xom's mischief]
  4209 | D:6      | Gained mutation: You are weak. (Str -2) [Xom's mischief]
  4242 | D:6      | Found a staircase to the Ecumenical Temple.
  4252 | Temple   | XOM: stealth player
  4252 | Temple   | Entered the Ecumenical Temple
  4413 | D:6      | XOM: draining
  4427 | D:6      | XOM: smoke on damage
  4428 | D:6      | Found a glowing drain.
  4688 | D:6      | XOM: chaos upgrade
  4704 | D:6      | XOM: give mutation
  4704 | D:6      | Gained mutation: You have a pair of large horns on your
                  | head. [Xom's mischief]
  4959 | D:6      | XOM: stat loss: -1 Str (18/19)
  4969 | D:6      | XOM: confuse monster(s)
  5110 | D:6      | XOM: scenery: create altars
  5363 | D:6      | XOM: god gift: scroll labelled QAMYNNE XYONI {god gift}
  5625 | D:7      | Identified the +5 war axe of Growth {freeze, rElec rC++}
  5640 | D:7      | XOM: smoke on damage
  5661 | D:7      | XOM: cloud trail
  5915 | D:7      | XOM: 1-stop teleportation journey
  5961 | D:7      | XOM: confuse monster(s)
  5967 | D:7      | Reached XP level 9. HP: 50/71 MP: 8/8
  6054 | D:7      | XOM: give mutations
  6054 | D:7      | Gained mutation: You occasionally lose the ability to drink
                  | potions when taking damage. [Xom's mischief]
  6054 | D:7      | Gained mutation: Armour fits poorly on your strangely
                  | shaped body. [Xom's mischief]
  6054 | D:7      | Gained mutation: You are very weak. (Str -4) [Xom's
                  | mischief]
  6063 | D:7      | XOM: smoke on damage
  6063 | D:7      | XOM: torment (35/71 hp)
  6072 | D:7      | XOM: 3-stop teleportation journey
  6217 | D:7      | XOM: god gift: scroll labelled QAMYNNE XYONI {god gift}
  6259 | D:7      | XOM: confusion (+ monsters)
  6271 | D:7      | XOM: god gift: book of Beasts
  6274 | D:7      | XOM: 2-stop teleportation journey
  6544 | D:7      | XOM: summons friendly quasit
  6560 | D:7      | XOM: 2-stop teleportation journey
  6598 | D:7      | Noticed Menkaure
  6601 | D:7      | XOM: blink monster(s)
  6608 | D:7      | Killed Menkaure
  6610 | D:7      | XOM: summons 3 friendly demons
  6614 | D:7      | XOM: chaos upgrade
  6618 | D:7      | XOM: cast spell 'Call Canine Familiar'
  6623 | D:7      | XOM: divination: detect creatures
  6659 | D:7      | XOM: god gift: scroll labelled OBEYFI IPOIMESIQUR {god
                  | gift}
  6832 | D:7      | XOM: 1-stop teleportation journey
  6980 | D:7      | XOM: god gift: spear {god gift}
  7020 | D:7      | Reached skill level 1 in Long Blades
  7127 | D:7      | XOM: god gift: potion of curing
  7253 | D:7      | XOM: god gift: scroll of enchant armour
  7261 | D:7      | XOM: god gift: scroll labelled BAKUXZ QENAW {god gift}
  7407 | D:7      | XOM: stat loss: -1 Dex (11/12)
  7490 | D:7      | Found an opulent altar of Gozag.
  7490 | D:7      | Found an ornate altar of the Wu Jian Council.
  7495 | D:7      | Found a sacrificial altar of Ru.
  7499 | D:7      | Found a faded altar of an unknown god.
  7501 | D:7      | Found a faded altar of an unknown god.
  7504 | D:7      | Got the Enchiridion on Ensnaring Transformation
  7653 | D:8      | Found a sand-covered staircase.
  7658 | Ossuary  | Entered an ossuary
  7667 | Ossuary  | XOM: god gift: potion of curing
  7855 | Ossuary  | XOM: divine lightning
  8126 | D:8      | XOM: god gift: scroll labelled QAMYNNE XYONI {god gift}
  8135 | D:8      | XOM: silly message
  8147 | D:8      | Reached XP level 10. HP: 31/81 MP: 9/9
  8388 | D:8      | Noticed Maurice
  8412 | D:8      | Killed Maurice
  8413 | D:8      | Reached skill level 5 in Long Blades
  8418 | D:8      | XOM: silly message
  8426 | D:8      | XOM: potion effect (haste)
  8438 | D:8      | XOM: silly message
  8998 | D:8      | XOM: god gift: 2 stones
  9132 | D:8      | XOM: 8-stop teleportation journey
  9155 | D:8      | XOM: divination: detect creatures
  9340 | D:8      | XOM: 2-stop teleportation journey
  9649 | D:9      | XOM: divination: detect items
  9894 | D:9      | Noticed Prince Ribbit
  9895 | D:9      | XOM: summons friendly quasit
  9897 | D:9      | XOM: confuse monster(s)
  9902 | D:9      | Killed Prince Ribbit
  9977 | D:9      | Found a staircase to the Orcish Mines.
  9977 | D:9      | XOM: 2-stop teleportation journey
 10060 | D:9      | XOM: scenery: 1 doors open
 10107 | D:9      | XOM: summons friendly shadow imp
 10287 | D:9      | XOM: cloud trail
 10309 | D:9      | Noticed an elephant
 10323 | D:9      | XOM: enchant monster (good)
 10344 | D:9      | XOM: summons 4 hostile shadow creatures
 10345 | D:9      | Noticed a two-headed ogre
 10351 | D:9      | HP: 4/81 [two-headed ogre/+0 giant club[Xom] (15)]
 10351 | D:9      | Mangled by a two-headed ogre

Illustrated notes

Levels and vault maps discovered:
D:1:      minmay_arrival_shoal_huts, layout_loops_ring
D:2:      layout_rooms, basic_altar, minivault_23
D:3:      kennysheep_six_static_rooms, layout_loops_ring,
          hellmonk_ecumenical_altar_zigzags, uniq_sigmund
D:4:      layout_rooms, grunt_temple_overflow_open, vehumet_crystals,
          serial_corexii_hall, chequers_hall_statues_y, corexii_hall_statues_l,
          minmay_shop_enchanted_jewellery, minmay_fountain_box,
          minmay_pentomino_pile, uniq_blork_the_orc
D:5:      layout_gridville, uniq_eustachio
D:6:      layout_loops_cross, minmay_temple_entry_statues_fountains,
          cheibrodos_sewer_entry_bend
D:7:      layout_loops_corners, chequers_temple_overflow_minitemple,
          minmay_manual_mess, uniq_menkaure
D:8:      layout_loops_corners, enter_ossuary_5, grunt_decor_mini_mirrors,
          uniq_maurice
D:9:      layout_basic, grunt_temple_overflow_order_and_chaos_2,
          david_lair_generic, david_orc_3, uniq_prince_ribbit1
Temple:   nicolae_temple_ecumenical_triangle

Skill      XL: |  1  2  3  4  5  6  7  8  9 10 |
---------------+-------------------------------+-----
Axes           | 3 |  3.6
Shields        | 4 5 6 7 8 9 |  9.6
Fighting       | 4 5 6 7 8 9 |  9.5
Armour         | 4 5 6 7 8 9 |  9.5
Short Blades   | 2 3 4 5 7 9 |  9.0
Long Blades    | 4 9 |  9.7

Action                   |  1- 3 |  4- 6 |  7- 9 | 10-12 || total
-------------------------+-------+-------+-------+-------++-------
Melee: War axe           |    70 |       |       |       ||    70
       Headbutt          |    16 |    11 |    80 |    36 ||   143
       Short sword       |    11 |    90 |   269 |    19 ||   389
       Long sword        |       |       |   135 |   116 ||   251
Evoke: Wand              |       |     1 |    15 |    10 ||    26
  Use: Potion            |     1 |       |     1 |     3 ||     5
       Scroll            |       |     6 |     5 |     6 ||    17
 Stab: Confused          |       |       |     6 |       ||     6
Armor: Scale mail        |    33 |    21 |    81 |       ||   135
       Plate armour      |       |       |    75 |    83 ||   158
Dodge: Dodged            |    25 |    31 |   102 |    53 ||   211
Block: Buckler           |    18 |    17 |    81 |    32 ||   148
